[ AOE2 MATCH · #478079329 ]
UnrankedFranks vs Incas
[ REPLAY ANALYSIS · EXTRACTED FROM THE RECORDED GAME ]
Feudal
8:59
Castle
—
Imperial
—
| APM avg | 51.1 |
| APM peak | 81 |
| eAPM avg | 17.3 |
| Villagers / military | 42 / 11 |
Focus
⚔️ 14.4% · 🌾 85.6%
Scout Cavalry ×11
Feudal
8:57
Castle
—
Imperial
—
| APM avg | 54.4 |
| APM peak | 91 |
| eAPM avg | 27.4 |
| Villagers / military | 60 / 29 |
Focus
⚔️ 36.5% · 🌾 63.5%
Archer ×20 · Spearman ×8 · Skirmisher ×1
Feudal
10:36
Castle
14:31
Imperial
—
| APM avg | 36.0 |
| APM peak | 68 |
| eAPM avg | 12.1 |
| Villagers / military | 31 / 6 |
Focus
⚔️ 22.7% · 🌾 77.3%
Spearman ×5 · Monk ×1
Feudal
11:13
Castle
14:41
Imperial
—
| APM avg | 22.3 |
| APM peak | 55 |
| eAPM avg | 10.2 |
| Villagers / military | 42 / 7 |
Focus
⚔️ 26.8% · 🌾 73.2%
Archer ×7
Feudal
11:04
Castle
15:33
Imperial
—
| APM avg | 38.2 |
| APM peak | 79 |
| eAPM avg | 17.4 |
| Villagers / military | 41 / 6 |
Focus
⚔️ 15.5% · 🌾 84.5%
Skirmisher ×6
Feudal
10:08
Castle
—
Imperial
—
| APM avg | 37.8 |
| APM peak | 62 |
| eAPM avg | 11.9 |
| Villagers / military | 34 / 8 |
Focus
⚔️ 21.6% · 🌾 78.4%
Archer ×7 · Spearman ×1
Match map
Initial resources + every placement click. Lines = walls · curves = elevation contours. ◆ gold · ⬟ stone · ● berries · ✦ relic · ◌ wall gap
Your base· Open — unwalled flank
Solusvod's base· ✓ Closed at 12:00 · 21t walls · 3 gate(s)
El Papá's base· Open — 5t gap
Captain_Simit's base· Open — unwalled flank
psilocybin's base· Open — 3t gap
TL#RitterBruder's base· Open — 3t gap
Smoothed initial terrain · ◌ = detected wall gap · hover for details
Inputs per minute
— KAWA! - - Solusvod
Build order — KAWA!
99 actions detected in the replay
| 0:00 | Create | Villager (Male) |
| 0:01 | Create | Villager (Male) |
| 0:01 | Create | Villager (Male) |
| 0:02 | Build | House |
| 0:03 | Build | House |
| 0:29 | Create | Villager (Male) |
| 0:29 | Create | Villager (Male) |
| 1:31 | Create | Villager (Male) |
| 1:31 | Create | Villager (Male) |
| 1:31 | Create | Villager (Male) |
| 1:46 | Build | Lumber Camp |
| 1:49 | Create | Villager (Male) |
| 2:25 | Create | Villager (Male) |
| 2:25 | Create | Villager (Male) |
| 2:49 | Create | Villager (Male) |
| 2:49 | Create | Villager (Male) |
| 3:03 | Create | Villager (Male) |
| 3:34 | Create | Villager (Male) |
| 3:34 | Create | Villager (Male) |
| 3:47 | Build | House |
| 4:14 | Create | Villager (Male) |
| 4:14 | Create | Villager (Male) |
| 4:24 | Create | Villager (Male) |
| 4:28 | Build | Mill |
| 5:09 | Create | Villager (Male) |
| 5:21 | Create | Villager (Male) |
| 5:52 | Create | Villager (Male) |
| 6:17 | Research | Loom |
| 6:47 | Research | Feudal Age |
| 7:36 | Build | House |
| 7:38 | Build | House |
| 8:09 | Build | Barracks |
| 8:12 | Build | House |
| 8:59 | Age | Feudal Age |
| 9:03 | Create | Villager (Male) |
| 9:27 | Build | Stable |
| 9:34 | Create | Villager (Male) |
| 9:34 | Create | Villager (Male) |
| 9:41 | Create | Villager (Male) |
| 9:49 | Research | Double-Bit Axe |
| 9:57 | Create | Villager (Male) |
| 9:59 | Create | Scout Cavalry |
| 9:59 | Create | Scout Cavalry |
| 10:12 | Create | Villager (Male) |
| 10:38 | Create | Villager (Male) |
| 10:51 | Create | Villager (Male) |
| 11:10 | Build | Farm |
| 11:10 | Build | Farm |
| 11:11 | Build | Farm |
| 11:11 | Build | Farm |
| 11:11 | Build | Farm |
| 11:17 | Create | Scout Cavalry |
| 11:17 | Create | Scout Cavalry |
| 11:39 | Build | Farm |
| 11:41 | Build | Farm |
| 11:48 | Create | Scout Cavalry |
| 12:02 | Create | Scout Cavalry |
| 12:16 | Build | Blacksmith |
| 12:20 | Create | Scout Cavalry |
| 12:22 | Create | Villager (Male) |
| 13:06 | Create | Villager (Male) |
| 13:07 | Build | Farm |
| 13:12 | Create | Scout Cavalry |
| 13:20 | Build | House |
| 13:31 | Research | Scale Barding Armor |
| 13:32 | Research | Forging |
| 13:34 | Create | Villager (Male) |
| 13:36 | Create | Scout Cavalry |
| 13:36 | Create | Scout Cavalry |
| 13:41 | Build | House |
| 13:43 | Build | House |
| 14:15 | Create | Villager (Male) |
| 14:16 | Build | Farm |
| 14:16 | Build | Farm |
| 14:16 | Build | Farm |
| 14:17 | Build | Farm |
| 14:17 | Build | Farm |
| 14:23 | Create | Scout Cavalry |
| 14:31 | Build | Farm |
| 14:33 | Create | Villager (Male) |
| 15:03 | Create | Villager (Male) |
| 15:04 | Build | Farm |
| 15:32 | Create | Villager (Male) |
| 15:34 | Build | Farm |
| 15:34 | Build | Farm |
| 15:34 | Build | Farm |
| 15:35 | Build | Farm |
| 15:35 | Build | Farm |
| 15:49 | Create | Villager (Male) |
| 15:57 | Build | Mining Camp |
| 16:37 | Create | Villager (Male) |
| 17:03 | Create | Villager (Male) |
| 17:11 | Create | Villager (Male) |
| 17:22 | Build | Farm |
| 17:22 | Build | Farm |
| 17:31 | Build | Stable |
| 17:53 | Build | House |
| 17:55 | Build | House |
| 18:05 | Create | Villager (Male) |
Build order — Solusvod
121 actions detected in the replay
| 0:02 | Create | Villager (Male) |
| 0:02 | Create | Villager (Male) |
| 0:02 | Create | Villager (Male) |
| 0:04 | Build | House |
| 0:05 | Build | House |
| 0:09 | Create | Villager (Male) |
| 0:10 | Create | Villager (Male) |
| 1:17 | Create | Villager (Male) |
| 1:17 | Create | Villager (Male) |
| 1:54 | Build | Settlement |
| 2:01 | Build | Settlement |
| 2:08 | Create | Villager (Male) |
| 2:08 | Create | Villager (Male) |
| 2:08 | Create | Villager (Male) |
| 2:21 | Create | Villager (Male) |
| 2:21 | Create | Villager (Male) |
| 2:47 | Create | Villager (Male) |
| 2:47 | Create | Villager (Male) |
| 3:17 | Create | Villager (Male) |
| 3:18 | Create | Villager (Male) |
| 3:52 | Create | Villager (Male) |
| 3:52 | Create | Villager (Male) |
| 4:09 | Create | Villager (Male) |
| 4:12 | Create | Villager (Male) |
| 4:45 | Create | Villager (Male) |
| 4:46 | Create | Villager (Male) |
| 4:55 | Create | Villager (Male) |
| 4:55 | Create | Villager (Male) |
| 4:56 | Create | Villager (Male) |
| 5:05 | Create | Villager (Male) |
| 5:24 | Create | Villager (Male) |
| 5:24 | Create | Villager (Male) |
| 5:24 | Create | Villager (Male) |
| 5:37 | Build | Settlement |
| 6:19 | Research | Loom |
| 6:33 | Research | Feudal Age |
| 7:57 | Build | Barracks |
| 8:52 | Create | Villager (Male) |
| 8:57 | Age | Feudal Age |
| 8:58 | Build | Archery Range |
| 9:06 | Research | Double-Bit Axe |
| 9:10 | Create | Villager (Male) |
| 9:10 | Create | Villager (Male) |
| 9:29 | Build | Archery Range |
| 9:40 | Create | Archer |
| 9:45 | Create | Archer |
| 9:53 | Create | Villager (Male) |
| 9:54 | Create | Villager (Male) |
| 10:07 | Build | House |
| 10:18 | Create | Archer |
| 10:18 | Create | Archer |
| 10:27 | Create | Villager (Male) |
| 10:35 | Build | Blacksmith |
| 10:38 | Build | Palisade Wall |
| 10:49 | Build | Palisade Wall |
| 10:57 | Create | Spearman |
| 11:01 | Create | Villager (Male) |
| 11:01 | Create | Villager (Male) |
| 11:01 | Create | Villager (Male) |
| 11:18 | Create | Archer |
| 11:18 | Create | Archer |
| 11:40 | Create | Archer |
| 11:40 | Create | Archer |
| 11:41 | Create | Villager (Male) |
| 11:41 | Create | Villager (Male) |
| 12:04 | Create | Villager (Male) |
| 12:04 | Create | Villager (Male) |
| 12:09 | Create | Archer |
| 12:10 | Create | Archer |
| 12:10 | Create | Archer |
| 12:26 | Build | Palisade Gate |
| 12:35 | Create | Villager (Male) |
| 12:35 | Create | Villager (Male) |
| 12:35 | Create | Villager (Male) |
| 12:44 | Build | Settlement |
| 12:46 | Create | Villager (Male) |
| 12:47 | Create | Villager (Male) |
| 12:47 | Create | Archer |
| 12:47 | Create | Archer |
| 12:48 | Create | Archer |
| 13:07 | Create | Spearman |
| 13:07 | Create | Spearman |
| 13:19 | Create | Archer |
| 13:19 | Create | Archer |
| 13:20 | Create | Archer |
| 13:29 | Create | Villager (Male) |
| 13:29 | Create | Villager (Male) |
| 13:29 | Create | Villager (Male) |
| 13:30 | Create | Villager (Male) |
| 13:44 | Create | Spearman |
| 13:59 | Create | Spearman |
| 14:12 | Create | Skirmisher |
| 14:17 | Create | Archer |
| 14:17 | Create | Archer |
| 14:17 | Create | Archer |
| 14:28 | Create | Villager (Male) |
| 14:28 | Create | Villager (Male) |
| 14:29 | Create | Villager (Male) |
| 14:59 | Create | Spearman |
| 14:59 | Create | Spearman |
| 15:00 | Create | Spearman |
| 15:09 | Build | Farm |
| 15:09 | Build | Farm |
| 15:09 | Build | Farm |
| 15:09 | Build | Farm |
| 15:10 | Build | Farm |
| 15:10 | Build | Farm |
| 15:10 | Build | Farm |
| 15:10 | Build | Farm |
| 15:10 | Build | Farm |
| 15:56 | Create | Villager (Male) |
| 15:57 | Create | Villager (Male) |
| 16:01 | Build | Settlement |
| 16:15 | Build | House |
| 16:18 | Build | House |
| 16:20 | Build | House |
| 16:37 | Build | Farm |
| 16:39 | Create | Villager (Male) |
| 16:39 | Create | Villager (Male) |
| 16:57 | Create | Villager (Male) |
| 16:58 | Create | Villager (Male) |
Build order — El Papá
69 actions detected in the replay
| 0:00 | Create | Villager (Male) |
| 0:01 | Create | Villager (Male) |
| 0:01 | Create | Villager (Male) |
| 0:02 | Build | House |
| 0:03 | Build | House |
| 0:33 | Create | Villager (Male) |
| 1:26 | Create | Villager (Male) |
| 2:09 | Create | Villager (Male) |
| 2:09 | Create | Villager (Male) |
| 2:22 | Build | Lumber Camp |
| 2:26 | Create | Villager (Male) |
| 2:43 | Create | Villager (Male) |
| 3:11 | Create | Villager (Male) |
| 3:11 | Create | Villager (Male) |
| 3:28 | Build | House |
| 4:16 | Create | Villager (Male) |
| 4:16 | Create | Villager (Male) |
| 4:30 | Build | Mill |
| 4:36 | Create | Villager (Male) |
| 4:58 | Create | Villager (Male) |
| 5:33 | Create | Villager (Male) |
| 5:35 | Build | House |
| 6:08 | Create | Villager (Male) |
| 6:25 | Create | Villager (Male) |
| 6:58 | Build | Mining Camp |
| 7:11 | Create | Villager (Male) |
| 7:13 | Create | Villager (Male) |
| 7:49 | Create | Villager (Male) |
| 8:12 | Build | Farm |
| 8:13 | Build | Farm |
| 8:18 | Research | Feudal Age |
| 8:24 | Build | Farm |
| 8:28 | Create | Villager (Male) |
| 8:54 | Create | Villager (Male) |
| 9:09 | Build | House |
| 10:04 | Build | House |
| 10:23 | Create | Villager (Male) |
| 10:36 | Age | Feudal Age |
| 10:39 | Build | Market |
| 10:50 | Build | Blacksmith |
| 11:04 | Build | Palisade Wall |
| 11:42 | Research | Castle Age |
| 11:57 | Build | Barracks |
| 12:18 | Research | Double-Bit Axe |
| 12:35 | Build | House |
| 12:36 | Build | Palisade Wall |
| 12:41 | Build | Palisade Gate |
| 12:59 | Create | Spearman |
| 12:59 | Create | Spearman |
| 13:44 | Create | Spearman |
| 14:02 | Create | Villager (Male) |
| 14:31 | Age | Castle Age |
| 14:38 | Build | Town Center |
| 14:52 | Research | Pikeman (upgrade) |
| 14:53 | Research | Squires |
| 15:19 | Create | Villager (Male) |
| 15:20 | Research | Loom |
| 15:40 | Build | Monastery |
| 16:01 | Create | Spearman |
| 16:01 | Create | Spearman |
| 16:12 | Create | Monk |
| 16:15 | Build | House |
| 16:56 | Create | Villager (Male) |
| 16:57 | Create | Villager (Male) |
| 17:15 | Research | Fervor |
| 17:18 | Build | Monastery |
| 17:21 | Create | Villager (Male) |
| 17:21 | Create | Villager (Male) |
| 17:22 | Create | Villager (Male) |
Build order — Captain_Simit
82 actions detected in the replay
| 0:02 | Create | Villager (Male) |
| 0:02 | Create | Villager (Male) |
| 0:02 | Create | Villager (Male) |
| 0:05 | Build | House |
| 0:07 | Build | House |
| 0:08 | Create | Villager (Male) |
| 0:08 | Create | Villager (Male) |
| 1:39 | Create | Villager (Male) |
| 1:39 | Create | Villager (Male) |
| 2:01 | Create | Villager (Male) |
| 2:01 | Create | Villager (Male) |
| 2:35 | Create | Villager (Male) |
| 2:36 | Create | Villager (Male) |
| 2:43 | Build | Lumber Camp |
| 2:49 | Create | Villager (Male) |
| 3:13 | Build | House |
| 3:23 | Create | Villager (Male) |
| 3:23 | Create | Villager (Male) |
| 4:04 | Create | Villager (Male) |
| 4:06 | Create | Villager (Male) |
| 4:53 | Create | Villager (Male) |
| 4:53 | Create | Villager (Male) |
| 5:32 | Create | Villager (Male) |
| 5:50 | Create | Villager (Male) |
| 5:50 | Create | Villager (Male) |
| 5:57 | Build | House |
| 6:53 | Create | Villager (Male) |
| 7:29 | Create | Villager (Male) |
| 7:30 | Create | Villager (Male) |
| 8:21 | Research | Loom |
| 8:28 | Build | Mill |
| 9:03 | Research | Feudal Age |
| 9:10 | Build | Mining Camp |
| 10:12 | Build | Barracks |
| 11:08 | Build | House |
| 11:13 | Age | Feudal Age |
| 11:17 | Build | Market |
| 11:25 | Build | Blacksmith |
| 11:34 | Research | Double-Bit Axe |
| 12:01 | Research | Castle Age |
| 12:11 | Build | Farm |
| 12:16 | Build | Farm |
| 12:19 | Build | Farm |
| 12:22 | Build | Farm |
| 12:25 | Build | Farm |
| 12:38 | Build | Farm |
| 13:06 | Build | Farm |
| 13:26 | Create | Villager (Male) |
| 13:26 | Create | Villager (Male) |
| 14:01 | Build | Archery Range |
| 14:41 | Age | Castle Age |
| 14:45 | Build | Town Center |
| 15:00 | Research | Double-Bit Axe |
| 15:10 | Research | Crossbowman (upgrade) |
| 15:12 | Create | Archer |
| 15:12 | Create | Archer |
| 15:32 | Create | Villager (Male) |
| 15:32 | Create | Villager (Male) |
| 15:45 | Research | Horse Collar |
| 15:48 | Create | Villager (Male) |
| 15:48 | Create | Villager (Male) |
| 16:03 | Create | Villager (Male) |
| 16:03 | Create | Villager (Male) |
| 16:03 | Create | Villager (Male) |
| 16:06 | Build | House |
| 16:08 | Build | Farm |
| 16:17 | Create | Villager (Male) |
| 16:38 | Create | Archer |
| 16:40 | Create | Villager (Male) |
| 16:40 | Create | Villager (Male) |
| 16:53 | Create | Villager (Male) |
| 16:53 | Create | Villager (Male) |
| 17:07 | Create | Villager (Male) |
| 17:08 | Create | Villager (Male) |
| 17:10 | Create | Archer |
| 17:10 | Create | Archer |
| 17:38 | Create | Archer |
| 17:39 | Create | Archer |
| 17:51 | Create | Villager (Male) |
| 17:52 | Create | Villager (Male) |
| 17:57 | Build | House |
| 17:59 | Build | House |
Build order — psilocybin
93 actions detected in the replay
| 0:01 | Create | Villager (Male) |
| 0:01 | Create | Villager (Male) |
| 0:02 | Create | Villager (Male) |
| 0:03 | Build | House |
| 0:05 | Build | House |
| 0:29 | Create | Villager (Male) |
| 1:37 | Create | Villager (Male) |
| 1:58 | Create | Villager (Male) |
| 1:58 | Create | Villager (Male) |
| 2:11 | Build | Lumber Camp |
| 2:28 | Create | Villager (Male) |
| 2:28 | Create | Villager (Male) |
| 3:11 | Create | Villager (Male) |
| 3:50 | Create | Villager (Male) |
| 3:50 | Create | Villager (Male) |
| 3:50 | Create | Villager (Male) |
| 4:15 | Build | House |
| 4:16 | Build | House |
| 4:37 | Create | Villager (Male) |
| 4:37 | Create | Villager (Male) |
| 4:45 | Build | House |
| 5:03 | Create | Villager (Male) |
| 5:03 | Create | Villager (Male) |
| 5:22 | Build | Mill |
| 5:27 | Build | Mill |
| 5:34 | Create | Villager (Male) |
| 5:36 | Create | Villager (Male) |
| 5:36 | Create | Villager (Male) |
| 5:42 | Create | Villager (Male) |
| 6:14 | Create | Villager (Male) |
| 6:22 | Build | House |
| 6:30 | Create | Villager (Male) |
| 7:23 | Create | Villager (Male) |
| 7:23 | Create | Villager (Male) |
| 7:42 | Create | Villager (Male) |
| 8:16 | Create | Villager (Male) |
| 8:37 | Build | Mining Camp |
| 8:41 | Research | Feudal Age |
| 8:41 | Research | Feudal Age |
| 9:11 | Build | Barracks |
| 9:35 | Build | Palisade Wall |
| 9:47 | Create | Villager (Male) |
| 9:48 | Create | Villager (Male) |
| 10:05 | Build | Palisade Wall |
| 11:04 | Age | Feudal Age |
| 11:12 | Build | Market |
| 11:15 | Build | Archery Range |
| 11:41 | Build | Farm |
| 11:51 | Research | Loom |
| 12:18 | Build | Farm |
| 12:19 | Build | Farm |
| 12:19 | Build | Farm |
| 12:21 | Create | Villager (Male) |
| 12:53 | Research | Castle Age |
| 12:53 | Research | Castle Age |
| 12:56 | Build | Farm |
| 12:57 | Build | Farm |
| 12:57 | Build | Farm |
| 13:20 | Build | Farm |
| 13:28 | Create | Villager (Male) |
| 13:28 | Create | Villager (Male) |
| 13:29 | Create | Villager (Male) |
| 13:47 | Build | Farm |
| 13:50 | Build | Farm |
| 13:50 | Build | Farm |
| 13:50 | Build | Farm |
| 13:51 | Build | Farm |
| 13:52 | Build | Farm |
| 14:01 | Build | Farm |
| 14:15 | Research | Double-Bit Axe |
| 15:00 | Create | Skirmisher |
| 15:00 | Create | Skirmisher |
| 15:01 | Create | Skirmisher |
| 15:01 | Create | Skirmisher |
| 15:01 | Create | Skirmisher |
| 15:01 | Create | Skirmisher |
| 15:33 | Build | Blacksmith |
| 15:33 | Age | Castle Age |
| 15:46 | Research | Bow Saw |
| 16:06 | Research | Fletching |
| 16:16 | Build | Town Center |
| 16:24 | Create | Villager (Male) |
| 16:24 | Create | Villager (Male) |
| 16:34 | Create | Villager (Male) |
| 16:34 | Create | Villager (Male) |
| 16:54 | Build | House |
| 16:54 | Build | House |
| 17:08 | Research | Wheelbarrow |
| 17:24 | Create | Villager (Male) |
| 17:24 | Create | Villager (Male) |
| 17:29 | Build | House |
| 17:52 | Create | Villager (Male) |
| 17:53 | Create | Villager (Male) |
Build order — TL#RitterBruder
78 actions detected in the replay
| 0:01 | Create | Villager (Male) ×4 |
| 0:02 | Create | Villager (Male) ×4 |
| 0:03 | Build | House |
| 0:04 | Build | House |
| 1:08 | Create | Villager (Male) |
| 1:08 | Create | Villager (Male) |
| 1:35 | Create | Villager (Male) |
| 1:36 | Create | Villager (Male) |
| 1:45 | Build | Lumber Camp |
| 1:56 | Create | Villager (Male) |
| 2:31 | Create | Villager (Male) |
| 3:04 | Create | Villager (Male) |
| 3:46 | Create | Villager (Male) |
| 3:50 | Create | Villager (Male) |
| 3:51 | Create | Villager (Male) |
| 3:52 | Create | Villager (Male) |
| 3:52 | Create | Villager (Male) |
| 3:57 | Build | House |
| 5:20 | Create | Villager (Male) |
| 5:37 | Build | House |
| 5:45 | Build | Lumber Camp |
| 5:47 | Create | Villager (Male) |
| 6:18 | Create | Villager (Male) |
| 6:36 | Create | Villager (Male) |
| 6:38 | Build | Mill |
| 7:06 | Create | Villager (Male) |
| 7:25 | Research | Loom |
| 7:30 | Build | Palisade Wall |
| 7:45 | Research | Feudal Age |
| 7:56 | Build | Barracks |
| 9:04 | Build | Mining Camp |
| 9:09 | Build | Palisade Wall |
| 9:22 | Build | House |
| 9:32 | Create | Villager (Male) |
| 10:08 | Age | Feudal Age |
| 10:13 | Create | Villager (Male) |
| 10:22 | Build | Archery Range |
| 10:27 | Build | Palisade Wall |
| 10:54 | Create | Villager (Male) |
| 11:07 | Build | Palisade Wall |
| 11:17 | Build | Archery Range |
| 11:37 | Create | Villager (Male) |
| 11:37 | Create | Villager (Male) |
| 11:41 | Create | Archer |
| 11:42 | Create | Archer |
| 11:47 | Build | Palisade Wall |
| 11:51 | Create | Spearman |
| 12:21 | Build | Palisade Wall |
| 12:27 | Create | Archer |
| 12:28 | Create | Archer |
| 12:32 | Build | House |
| 12:37 | Build | House |
| 12:42 | Build | House |
| 12:42 | Build | House |
| 12:42 | Build | House |
| 12:54 | Create | Archer |
| 13:14 | Build | Palisade Gate |
| 13:32 | Create | Villager (Male) |
| 13:42 | Build | Blacksmith |
| 14:05 | Create | Villager (Male) |
| 14:09 | Create | Archer |
| 14:09 | Create | Archer |
| 14:23 | Build | Farm |
| 14:36 | Create | Villager (Male) |
| 15:06 | Build | House |
| 15:10 | Create | Villager (Male) |
| 15:52 | Build | House |
| 15:52 | Research | Castle Age |
| 15:53 | Research | Castle Age |
| 16:22 | Build | House |
| 16:56 | Build | House |
| 17:05 | Build | Outpost |
| 17:09 | Build | Mining Camp |
| 17:50 | Build | House |
| 17:50 | Build | House |
| 17:50 | Build | House |
| 17:59 | Research | Double-Bit Axe |
| 18:01 | Research | Horse Collar |
Match timeline
| 7:30 | TL#RitterBruder · wall_segment Palisade Wall x9 |
| 7:56 | TL#RitterBruder · first_building Barracks |
| 7:57 | Solusvod · first_building Barracks |
| 8:09 | KAWA! · first_building Barracks |
| 8:57 | Solusvod · age_up feudal |
| 8:58 | Solusvod · first_building Archery Range |
| 8:59 | KAWA! · age_up feudal |
| 9:09 | TL#RitterBruder · wall_segment Palisade Wall x4 |
| 9:11 | psilocybin · first_building Barracks |
| 9:27 | KAWA! · first_building Stable |
| 9:35 | psilocybin · wall_segment Palisade Wall x1 |
| 10:05 | psilocybin · wall_segment Palisade Wall x7 |
| 10:08 | TL#RitterBruder · age_up feudal |
| 10:12 | Captain_Simit · first_building Barracks |
| 10:22 | TL#RitterBruder · first_building Archery Range |
| 10:27 | TL#RitterBruder · wall_segment Palisade Wall x4 |
| 10:36 | El Papá · age_up feudal |
| 10:38 | Solusvod · wall_segment Palisade Wall x5 |
| 10:49 | Solusvod · wall_segment Palisade Wall x16 |
| 11:04 | El Papá · wall_segment Palisade Wall x5 |
| 11:04 | psilocybin · age_up feudal |
| 11:07 | TL#RitterBruder · wall_segment Palisade Wall x9 |
| 11:13 | Captain_Simit · age_up feudal |
| 11:15 | psilocybin · first_building Archery Range |
| 11:47 | TL#RitterBruder · wall_segment Palisade Wall x6 |
| 11:57 | El Papá · first_building Barracks |
| 12:21 | TL#RitterBruder · wall_segment Palisade Wall x4 |
| 12:27 | psilocybin · first_market_sell 100 wood |
| 12:36 | El Papá · wall_segment Palisade Wall x1 |
| 12:46 | psilocybin · first_market_buy 100 food |
| 14:01 | Captain_Simit · first_building Archery Range |
| 14:14 | Captain_Simit · first_market_buy 100 wood |
| 14:31 | El Papá · age_up castle |
| 14:41 | Captain_Simit · age_up castle |
| 15:33 | psilocybin · age_up castle |
| 15:40 | El Papá · first_building Monastery |
| 17:27 | El Papá · resign |
[ AI ANALYSIS · 1 CREDIT ]
What really happened in this match?
Wolo.gg analyzes every decision: build order, eco, micro, common mistakes by bracket. Personalized analysis on WhatsApp or Discord in 30 seconds.
Civ guide
Franks
Perfil
Jugador #242725